Map: Data-C

Players

soO - Winner!

  • Race: Zerg Zerg
  • Spawn Location: 9:00

Kelazhur

  • Race: Terran Terran
  • Spawn Location: 3:00

Event: DreamHack SC2 Masters 2022 Atlanta (Offline)

VOD

Have the link to the VOD?

Description

Time

  • Played on: Nov. 18, 2022, 8:14 p.m.
  • Length: 10:34

All games in this series

Show
View Real Time Build Order
Export as new Build Order

soO Zerg - Winner!

Build Orders: Hatch First 

Get SALT Encoding   

  12  0:00  Drone  
  13  0:11  Overlord  
  13  0:16  Drone  
  14  0:30  Drone x2  
  16  0:47  Hatchery  
  15  0:51  Drone  
  15  0:54  Drone  
  17  0:57  Drone  
  18  1:09  Extractor  
  17  1:13  Spawning Pool  
  17  1:16  Drone  
  17  1:20  Drone  
  18  1:27  Drone  
  19  1:38  Drone  
  20  1:48  Drone  
  21  2:00  Zergling x2, Queen x2  
  21  2:01  Zergling x2  
  27  2:10  Overlord  
  27  2:11  Drone  
  28  2:21  Extractor  
  28  2:22  Drone  
  28  2:28  Drone  
  29  2:31  Drone  
  29  2:33  Spore Crawler  
  29  2:34  Drone  
  31  2:37  Queen  
  31  2:41  Extractor  
  31  2:44  Drone, Overlord  
  33  2:48  Metabolic Boost  
  34  2:53  Drone x2  
  36  3:02  Extractor  
  36  3:05  Drone x2  
  38  3:12  Drone, Overlord  
  39  3:15  Drone  
  41  3:20  Hatchery  
  41  3:21  Drone  
  41  3:23  Queen, Drone  
  41  3:25  Overlord  
  43  3:31  Drone  
  46  3:36  Drone  
  46  3:38  Drone  
  48  3:47  Drone x3  
  49  3:48  Extractor  
  49  3:49  Drone  
  49  3:56  Zergling x2  
  49  3:57  Zergling x4  
  49  3:59  Lair, Queen  
  49  4:00  Overlord  
  49  4:02  Drone  
  55  4:12  Drone x2  
  56  4:22  Drone x2  
  58  4:24  Overlord  
  58  4:25  Drone x2  
  58  4:30  Drone  
  61  4:34  Drone  
  61  4:35  Queen, Drone x4  
  61  4:38  Extractor  
  67  4:40  Extractor  
  67  4:43  Baneling Nest  
  67  4:44  Drone x2  
  67  4:45  Drone  
  68  4:54  Drone x3  
  68  4:55  Drone  
  68  4:58  Spire  
  71  5:01  Drone x2  
  71  5:05  Drone  
  71  5:06  Drone  
  71  5:07  Overseer, Drone x2  
  77  5:08  Drone  
  78  5:20  Zergling x6  
  81  5:21  Queen  
  81  5:23  Overlord  
  81  5:25  Overlord  
  81  5:28  Overlord  
  81  5:29  Overlord  
  81  5:31  Overlord  
  81  5:34  Overlord  
  81  5:36  Spore Crawler  
  81  5:37  Drone  
  81  5:40  Overlord  
  81  5:41  Overlord  
  81  5:42  Drone x3  
  84  5:44  Extractor x2  
  84  5:45  Drone x3  
  85  5:53  Drone  
  86  6:00  Drone  
  87  6:06  Zergling x2  
  87  6:07  Zergling x2  
  89  6:11  Mutalisk x7  
  89  6:17  Spore Crawler  
  102  6:20  Queen  
  102  6:24  Spore Crawler  
  101  6:29  Mutalisk x2  
  101  6:31  Drone x9  
  101  6:32  Zerg Flyer Weapons Level 1  
  111  6:33  Drone  
  108  6:40  Drone  
  108  6:44  Drone x2  
  111  6:49  Drone  
  112  6:55  Mutalisk  
  112  6:56  Mutalisk x2  
  112  6:58  Hatchery  
  117  7:02  Overlord  
  117  7:05  Drone x2  
  117  7:06  Roach Warren, Evolution Chamber  
  117  7:12  Overlord  
  120  7:15  Zergling x14  
  124  7:28  Overlord x2  
  124  7:30  Overlord  
  124  7:33  Hatchery  
  124  7:41  Overlord  
  124  7:43  Zerg Missile Weapons Level 1, Overlord  
  121  7:45  Glial Reconstitution  
  121  7:51  Overlord  
  121  7:56  Overlord  
  121  8:09  Overlord  
  121  8:13  Roach x13  
  121  8:18  Drone  
  147  8:27  Roach x6  
  159  8:31  Drone x3  
  159  8:32  Roach x3  
  160  8:56  Ravager  
  160  8:57  Ravager x3  
  160  8:58  Hatchery  
  160  8:59  Roach x4  
  160  9:00  Roach x13  
  197  9:08  Roach  
  197  9:09  Ravager  
  200  9:16  Extractor  
  196  9:36  Roach x11  
  199  9:44  Overlord x2  
  199  9:49  Overlord  
  187  9:53  Overlord  
  168  10:02  Roach x14  
  168  10:05  Overlord  
Show
View Real Time Build Order
Export as new Build Order

Kelazhur Terran 

Build Orders: Reaper Expand 

Get SALT Encoding   

  12  0:00  SCV  
  13  0:12  SCV  
  14  0:17  Supply Depot  
  14  0:24  SCV  
  15  0:38  SCV  
  15  0:39  Barracks  
  16  0:43  Refinery  
  16  0:50  SCV  
  17  1:03  SCV  
  18  1:15  SCV  
  19  1:26  Reaper  
  19  1:27  Orbital Command  
  20  1:39  Command Center  
  20  1:47  Supply Depot  
  20  1:52  SCV  
  21  1:58  Marine  
  22  2:04  SCV  
  23  2:09  Factory  
  23  2:20  Barracks Reactor  
  23  2:25  SCV  
  23  2:28  Refinery  
  24  2:37  SCV  
  25  2:49  SCV  
  26  2:55  Orbital Command  
  26  3:01  SCV  
  27  3:08  Hellion x2  
  31  3:14  SCV  
  31  3:15  Starport  
  32  3:23  Barracks Tech Lab  
  32  3:25  SCV  
  32  3:26  SCV  
  34  3:29  Hellion x2  
  38  3:37  SCV  
  38  3:38  SCV  
  38  3:39  Supply Depot  
  40  3:49  SCV  
  40  3:50  SCV  
  42  3:57  Command Center  
  42  3:59  Raven  
  42  4:01  SCV  
  45  4:03  SCV  
  45  4:07  Fusion Core  
  46  4:13  SCV  
  46  4:17  Hellion x2  
  46  4:18  SCV  
  51  4:26  SCV  
  51  4:31  SCV  
  53  4:32  Supply Depot  
  53  4:34  Marine  
  54  4:43  Supply Depot  
  54  4:53  SCV x2  
  54  4:54  Hellion x2  
  54  4:59  Refinery  
  60  5:01  Refinery  
  60  5:05  Battlecruiser, SCV  
  67  5:07  SCV  
  67  5:10  Supply Depot  
  67  5:14  Orbital Command  
  68  5:15  Hellion x2  
  68  5:17  SCV  
  73  5:24  SCV  
  74  5:30  SCV  
  75  5:36  SCV  
  75  5:37  Orbital Command  
  75  5:41  Hellion  
  75  5:42  Hellion, Factory, SCV  
  81  5:43  Factory  
  81  5:48  SCV  
  82  5:54  SCV  
  83  6:00  Supply Depot, SCV  
  83  6:03  Engineering Bay  
  84  6:05  SCV  
  84  6:06  SCV  
  84  6:09  Refinery, Battlecruiser  
  84  6:10  Refinery  
  92  6:12  SCV  
  93  6:21  SCV x2  
  93  6:24  SCV  
  93  6:25  Supply Depot  
  91  6:33  SCV x2  
  91  6:36  SCV  
  92  6:42  Factory Tech Lab  
  92  6:43  Factory Tech Lab, Missile Turret  
  92  6:44  Widow Mine x2  
  92  6:45  SCV  
  97  6:48  SCV  
  97  6:49  SCV  
  97  6:52  Missile Turret  
  97  6:53  Missile Turret  
  99  7:00  SCV x2  
  96  7:02  SCV  
  97  7:12  SCV x2  
  97  7:13  Command Center  
  97  7:14  SCV  
  98  7:24  SCV  
  98  7:25  SCV  
  98  7:26  SCV  
  98  7:27  Widow Mine x2  
  98  7:28  Cyclone, Missile Turret  
  108  7:30  Armory  
  108  7:35  Supply Depot  
  108  7:36  Supply Depot, SCV  
  109  7:49  Supply Depot  
  109  7:50  SCV  
  109  7:54  SCV  
  109  7:56  SCV  
  109  7:57  Cyclone, Widow Mine x2  
  116  8:02  SCV  
  113  8:06  SCV  
  113  8:08  SCV, Battlecruiser  
  113  8:12  Refinery x2  
  120  8:14  SCV  
  120  8:16  Supply Depot  
  120  8:18  SCV  
  122  8:20  SCV  
  122  8:21  Thor  
  122  8:23  Terran Vehicle Weapons Level 1  
  122  8:25  Hellion x2  
  122  8:26  SCV  
  134  8:30  SCV  
  134  8:32  Thor, SCV  
  142  8:38  SCV  
  143  8:42  SCV  
  143  8:44  SCV, Missile Turret  
  145  8:51  SCV  
  145  8:52  Hellion x2  
  145  8:54  SCV  
  145  8:55  Factory  
  145  8:56  SCV, Factory  
  145  9:00  Planetary Fortress  
  145  9:03  SCV  
  145  9:06  SCV  
  145  9:08  SCV  
  148  9:15  SCV  
  149  9:17  Refinery  
  149  9:18  SCV  
  149  9:19  Missile Turret  
  149  9:21  Supply Depot x2, Armory  
  149  9:22  Refinery  
  150  9:26  SCV  
  150  9:27  SCV  
  150  9:29  Siege Tank  
  150  9:30  SCV, Siege Tank  
  143  9:42  SCV  
  143  9:44  Factory Tech Lab  
  142  9:46  SCV  
  142  9:48  SCV, Missile Turret  
  126  9:54  SCV  
  126  9:57  Hellion x2  
  84  10:30  Refinery  
Tags
 
Add a new tag
Caveats
  • Supply blocks, unpowered buildings, or Contaminate may cause inaccurate times.
  • Supply counts are checked every 10 seconds.